AoeStats
← Element

Arena

506698136Analyzed
4v4 RM · 18d ago on Sep 14, 2026· 51m 40s· 8 players
Game mode
Random Map
Map size
Large (8 player)
Population
200
Speed
Normal
Resources
Standard
Victory
Conquest
Starting age
Dark Age
Ending age
Imperial Age
RankedLock teamsTeams togetherTeam positionsShared explorationLock speedFull tech treeHidden civsTurbo modeCheats
Victory
Defeat
🇮🇹 Cumans · Italy
1335
+15
🇮🇹 Romans · Italy
1318
+16
🇮🇹 Teutons · Italy
1285
+17
🇮🇹 Italians · Italy
1270
+18
🇦🇷 Turks · Argentina
1378
-18
🇦🇷 Spanish · Argentina
1377
-19
🇧🇦 Khmer · Bosnia & Herzegovina
1268
-15
🇲🇦 Franks · Morocco
1244
-14
焕
11:11 Feudal Age
12:00 Horse Collar
12:06 Double-Bit Axe
14:41 Scale Mail Armor
14:03 Man-at-Arms
17:33 Wheelbarrow
18:46 Forging
19:18 Loom
22:18 Castle Age
23:05 Squires
22:26 Pikeman
23:33 Chain Mail Armor
24:43 Iron Casting
24:11 Squires
24:42 Gold Mining
25:16 Bow Saw
25:10 Town Watch
28:03 Gold Shaft Mining
27:30 Heavy Plow
27:58 Scale Barding Armor
29:28 Chain Barding Armor
30:15 Hand Cart
32:13 Husbandry
32:24 Bloodlines
37:55 Imperial Age
36:10 Stone Mining
38:54 Capped Ram
39:50 Siege Engineers
39:29 Cavalier
39:32 Halberdier
39:52 Siege Ram
42:33 Blast Furnace
42:15 Coinage
44:17 Conscription
45:20 Banking
45:58 Crop Rotation
46:36 Ballistics
47:18 Chemistry
46:40 Ballistics
47:35 Ballistas
石川澪
6:14 Loom
8:42 Feudal Age
15:42 Fletching
23:24 Wheelbarrow
26:32 Castle Age
28:58 Hand Cart
31:18 Imperial Age
30:14 Gold Mining
31:07 Double-Bit Axe
31:34 Masonry
31:14 Horse Collar
32:33 Crenellations
32:44 Block Printing
33:27 Bodkin Arrow
34:43 Redemption
36:48 Theocracy
39:58 Chemistry
39:04 Siege Engineers
44:57 Pikeman
45:38 Squires
45:24 Gambesons
46:52 Halberdier
47:42 Scale Mail Armor
47:53 Forging
涼森玲夢
11:16 Feudal Age
12:34 Horse Collar
12:41 Double-Bit Axe
13:28 Loom
16:00 Castle Age
16:19 Wheelbarrow
17:45 Bow Saw
17:36 Heavy Plow
23:05 Town Watch
23:56 Gold Mining
25:27 Bloodlines
25:18 Husbandry
26:43 Forging
26:39 Scale Barding Armor
32:35 Loom
41:11 Hand Cart
51:16 Imperial Age
49:20 Stone Mining
塔奈花铃
11:28 Feudal Age
13:46 Double-Bit Axe
15:10 Horse Collar
19:51 Wheelbarrow
19:02 Town Watch
24:20 Castle Age
23:54 Gold Mining
23:56 Stone Mining
25:19 Heavy Plow
25:31 Bow Saw
28:12 Imperial Age
26:44 Scale Barding Armor
26:50 Forging
27:29 Hand Cart
28:07 Gold Shaft Mining
29:03 Bloodlines
29:15 Chain Barding Armor
29:30 Iron Casting
29:10 Cavalier
31:40 Two-Man Saw
32:54 Paladin
35:48 Plate Barding Armor
37:43 Blast Furnace
49:42 Light Cavalry
51:01 Hussar
DeepBlue_
10:29 Feudal Age
13:25 Wheelbarrow
16:01 Castle Age
14:06 Gold Mining
14:03 Double-Bit Axe
17:18 Scale Barding Armor
18:45 Forging
23:28 Hand Cart
24:08 Loom
25:40 Stone Mining
31:31 Imperial Age
28:47 Town Watch
30:04 Gold Shaft Mining
30:19 Scale Mail Armor
31:02 Bow Saw
32:10 Cavalier
34:32 Chain Barding Armor
36:13 Iron Casting
36:13 Plate Barding Armor
38:12 Blast Furnace
39:11 Chain Mail Armor
41:00 Pikeman
42:22 Plate Mail Armor
41:58 Halberdier
42:29 Fletching
45:03 Squires
49:53 Paladin
Vinci_PL
10:51 Feudal Age
11:45 Loom
15:20 Castle Age
20:30 Imperial Age
20:11 Double-Bit Axe
27:51 Wheelbarrow
29:08 Horse Collar
35:01 Fletching
35:45 Bodkin Arrow
38:36 Bow Saw
38:53 Town Watch
39:23 Hand Cart
40:28 Heavy Plow
42:21 Fortified Wall
46:29 Hand Cart
49:59 Scale Barding Armor
50:04 Forging
50:21 Heavy Camel Rider
51:14 Bloodlines
52:07 Iron Casting
52:03 Husbandry
Element
11:50 Feudal Age
12:47 Loom
16:02 Castle Age
15:07 Double-Bit Axe
25:13 Wheelbarrow
32:22 Imperial Age
31:25 Scale Barding Armor
31:30 Forging
31:16 Gold Mining
31:17 Stone Mining
31:08 Horse Collar
32:15 Town Watch
33:15 Husbandry
33:26 Bloodlines
33:48 Chain Barding Armor
34:35 Iron Casting
35:11 Plate Barding Armor
34:03 Cavalier
35:02 Heavy Plow
35:28 Hand Cart
36:54 Blast Furnace
36:42 Paladin
39:14 Bow Saw
41:14 Light Cavalry
44:41 Pikeman
45:21 Squires
45:07 Arson
45:25 Scale Mail Armor
45:19 Fletching
45:11 Hussar
46:16 Halberdier
48:53 Town Patrol
50:25 Chain Mail Armor
51:36 Plate Mail Armor
51:45 Bodkin Arrow
offbyone
11:58 Feudal Age
15:30 Castle Age
14:11 Double-Bit Axe
14:08 Horse Collar
16:35 Loom
21:11 Bow Saw
24:37 Heavy Plow
32:55 Wheelbarrow
34:38 Scale Mail Armor
34:47 Pikeman
35:40 Forging
38:12 Hand Cart
44:09 Imperial Age
43:53 Chain Mail Armor
45:55 Conscription
51:58 Iron Casting
Connection lost

Rejoining the realm…

Still unreachable

The connection could not be restored.

Session expired

The server has moved on; the page needs a fresh start.